 Dungeon Crawl Stone Soup version 0.18-a0-27-g1f73fa3 (webtiles) character file.

173 Ordine the Chopper (level 5, 0/42 HPs)
             Began as a Hill Orc Gladiator on Nov 4, 2015.
             Was an Initiate of Okawaru.
             Slain by Ordine's ghost (9 damage)
             ... on level 3 of the Dungeon.
             The game lasted 00:09:29 (2766 turns).

Ordine the Chopper (Hill Orc Gladiator)             Turns: 2766, Time: 00:09:29

Health: 0/42       AC: 10    Str: 19    XL:     5   Next: 53%
Magic:  5/5        EV: 16    Int:  8    God:    Okawaru [......]
Gold:   147        SH:  0    Dex: 16    Spells: 0 memorised, 4 levels left

rFire  . . .     SeeInvis .     b - +3 war axe
rCold  . . .     Clarity  .     f - +0 scale mail
rNeg   . . .     SustAt   .     (no shield)
rPois  .         Gourm    .     c - +1 helmet
rElec  .         Spirit   .     a - +0 cloak
rCorr  .         Warding  .     (no gloves)
rMut   .         Stasis   .     i - +0 pair of boots (curse)
MR     .....                    (no amulet)
Stlth  +.........               (no ring)
                                (no ring)

@: agile, not resistant to hostile enchantments, very unstealthy
A: no striking features
a: Renounce Religion


You were on level 3 of the Dungeon.
You worshipped Okawaru.
Okawaru was noncommittal.
You were hungry.

You visited 1 branch of the dungeon, and saw 3 of its levels.

You collected 147 gold pieces.

Inventory:

Hand Weapons
 b - a +3 war axe (weapon)
Missiles
 d - 2 throwing nets (quivered)
Armour
 a - a +0 cloak (worn)
 c - a +1 helmet (worn)
 f - a +0 scale mail (worn)
 i - a cursed +0 pair of boots (worn)
Scrolls
 g - a scroll of immolation
Potions
 j - a potion of flight
Comestibles
 e - 2 bread rations
 h - 2 royal jellies
 k - 2 meat rations


   Skills:
 - Level 2.4 Fighting
 + Level 7.8 Axes
 - Level 2.0 Throwing
 - Level 2.4 Dodging


You had 4 spell levels left.
You didn't know any spells.

Dungeon Overview and Level Annotations

Branches:
Dungeon (3/15)

Altars:
Cheibriados
Fedhas
Kikubaaqudgha
Okawaru

Annotations:
D:3 Ordine's ghost, amateur HOGl


Message History

You closely miss Ordine's ghost. Ordine's ghost hits you!
You hit Ordine's ghost but do no damage.
Ordine's ghost closely misses you.
You barely miss Ordine's ghost. Ordine's ghost misses you.
Ordine's ghost hits you!
Your scale mail prevents you from hitting Ordine's ghost.
Ordine's ghost hits you.
You barely miss Ordine's ghost. Ordine's ghost hits you.
You barely miss Ordine's ghost. Ordine's ghost barely misses you.
You hit Ordine's ghost but do no damage.
Ordine's ghost closely misses you.
You hit Ordine's ghost.
Ordine's ghost is lightly damaged.
Ordine's ghost completely misses you.
You hit Ordine's ghost.
Ordine's ghost is lightly damaged.
Ordine's ghost hits you!
* * * LOW HITPOINT WARNING * * *
Ordine's ghost hits you!
You die...

######.###........######.##
..# #....#.####...#......#
..# #..#.#.# #...#.###(.#
..# #..#.#.# #...#.# #..#
..###..#.#.####...#.###..#
....#..#.#........#...#..#
..#.####.........(###.#..#
..#.....(.....<..W....#..#
#.#####.#.###.#.@...###..#
...÷..............>.#..).#
#.#.#.#.#.#.#.#.##..#.#..#
#.#.#.#.#.#.#.#.##..#.##.#
#.#.#.....#.#>#.....#.##.#
#.........#.#.#####.#.##.#
###†##....#.#.# #.#.##.#
........#.#.#.# #.#.##.##
####.####.#...## #.#..)..#


You could see Ordine's ghost.

Vanquished Creatures
  Crazy Yiuf (D:2)
  7 adders
  A worm (D:2)
  5 orcs (D:3)
  8 bats
  A giant cockroach (D:3)
  6 goblins
  9 hobgoblins
  6 jackals
  17 kobolds
  A quokka (D:3)
  2 ball pythons (D:1)
  A giant gecko zombie (D:3)
  3 giant newts
  8 rats
76 creatures vanquished.

Notes
Turn   | Place    | Note
--------------------------------------------------------------
     0 | D:1      | Ordine the Hill Orc Gladiator began the quest for the Orb.
     0 | D:1      | Reached XP level 1. HP: 18/18 MP: 1/1
   177 | D:1      | Reached XP level 2. HP: 20/25 MP: 2/2
   349 | D:1      | Reached skill level 5 in Axes
   366 | D:1      | Reached XP level 3. HP: 22/30 MP: 3/3
  1003 | D:2      | Found an ancient bone altar of Kikubaaqudgha.
  1143 | D:2      | Reached skill level 6 in Axes
  1332 | D:2      | Reached XP level 4. HP: 28/37 MP: 4/4
  1445 | D:2      | Found an iron altar of Okawaru.
  1450 | D:2      | Became a worshipper of Warmaster Okawaru
  1904 | D:2      | Noticed Crazy Yiuf
  1914 | D:2      | Killed Crazy Yiuf
  1914 | D:2      | Reached skill level 7 in Axes
  1914 | D:2      | Reached XP level 5. HP: 36/42 MP: 5/5
  2564 | D:3      | Found a snail-covered altar of Cheibriados.
  2641 | D:3      | Found a blossoming altar of Fedhas.
  2752 | D:3      | Noticed Ordine's ghost (amateur HOGl)
  2766 | D:3      | Slain by Ordine's ghost

Vault maps used:
D:1:      minmay_arrival_widening_spiral_narrow
D:2:      okawaru_metal_pillars_1_2, kiku_gazebo_pond_becter, first_bread,
          hangedman_abyss_or_decor_lesser_grid, serial_bayou_lake_a,
          uniq_crazy_yiuf_cottage
D:3:      lemuel_crystal_altar, cheibriados_altar_1

Action                   |  1- 3 |  4- 6 || total
-------------------------+-------+-------++-------
Melee: War axe           |   126 |   105 ||   231
Throw: Throwing net      |       |     1 ||     1
  Use: Scroll            |     5 |     8 ||    13
       Potion            |     1 |     3 ||     4
 Stab: Invisible         |       |     1 ||     1
  Eat: Chunk             |       |     6 ||     6
